AoeStats
← Your mother like a camel

Arena

510527428Analyzed
3v3 RM · 2d ago on Oct 1, 2026· 80m 49s· 6 players
Game mode
Random Map
Map size
Normal (6 player)
Population
200
Speed
Normal
Resources
Standard
Victory
Conquest
Starting age
Dark Age
Ending age
Imperial Age
RankedLock teamsTeams togetherTeam positionsShared explorationLock speedFull tech treeHidden civsTurbo modeCheats
Victory
Defeat
🇺🇸 Saxons · United States
1178
+14
1178
+14
1162
+15
🇨🇴 Bohemians · Colombia
1154
-15
🇳🇱 Spanish · Netherlands
1145
-14
🇨🇳 Khmer · China
1125
-14
ShootingDutchman
10:22 Feudal Age
11:05 Double-Bit Axe
16:05 Castle Age
16:57 Loom
21:15 Padded Archer Armor
22:32 Town Watch
23:55 Leather Archer Armor
28:30 Gold Mining
31:00 Bloodlines
30:53 Husbandry
33:13 Scale Barding Armor
38:13 Imperial Age
39:43 Horse Collar
40:16 Bow Saw
40:52 Stone Mining
42:07 Wheelbarrow
41:50 Forging
41:03 Cavalier
43:21 Heavy Plow
44:07 Chain Barding Armor
44:19 Ring Archer Armor
45:02 Chemistry
45:31 Plate Barding Armor
45:50 Town Patrol
46:08 Hand Cart
46:32 Iron Casting
45:21 Elite Skirmisher
46:19 Thumb Ring
46:39 Fletching
47:28 Ballistics
47:21 Masonry
49:48 Bodkin Arrow
50:53 Blast Furnace
51:10 Paladin
52:18 Conscription
52:06 Bracer
52:41 Architecture
55:07 Light Cavalry
60:26 Hussar
Teodoro
11:31 Feudal Age
13:02 Double-Bit Axe
15:43 Castle Age
13:46 Horse Collar
16:53 Bow Saw
17:26 Fervor
21:24 Heavy Plow
23:01 Sanctity
24:08 Wheelbarrow
23:19 Loom
25:04 Redemption
28:19 Atonement
33:44 Imperial Age
33:58 Pikeman
34:40 Squires
36:59 Chemistry
36:11 Halberdier
36:53 Scale Mail Armor
37:03 Forging
37:31 Man-at-Arms
37:59 Arson
38:32 Chain Mail Armor
39:33 Ballistics
39:24 Fortified Wall
39:26 Masonry
51:41 Iron Casting
50:57 Fletching
51:08 Padded Archer Armor
51:47 Iron Casting
51:19 Scale Barding Armor
大象钻树林
9:54 Feudal Age
12:55 Castle Age
11:11 Double-Bit Axe
15:55 Horse Collar
21:44 Loom
22:45 Wheelbarrow
23:52 Gold Mining
25:33 Hand Cart
26:00 Heavy Plow
26:15 Bow Saw
26:16 Scale Barding Armor
26:22 Forging
29:09 Imperial Age
27:37 Gold Shaft Mining
27:27 Chain Barding Armor
27:52 Husbandry
28:02 Bloodlines
29:29 Tusk Swords
30:11 Elite Battle Elephant
31:47 Crop Rotation
31:56 Plate Barding Armor
33:16 Conscription
37:19 Iron Casting
39:41 Hoardings
40:39 Fortified Wall
40:25 Murder Holes
41:31 Chemistry
40:51 Ballistics
40:42 Masonry
40:38 Siege Engineers
42:47 Stone Mining
44:06 Blast Furnace
44:24 Cavalier
49:03 Heavy Scorpion
52:07 Architecture
52:35 Light Cavalry
54:07 Double Crossbow
54:15 Hussar
60:58 Caravan
63:20 Onager
73:50 Pikeman
74:17 Arson
74:35 Halberdier
75:35 Scale Mail Armor
76:35 Chain Mail Armor
Your father like an elephant
10:03 Feudal Age
11:32 Double-Bit Axe
14:04 Castle Age
20:37 Wheelbarrow
21:24 Horse Collar
23:55 Heavy Plow
27:14 Imperial Age
25:20 Loom
29:50 Fletching
30:00 Padded Archer Armor
41:40 Bow Saw
47:37 Crop Rotation
47:45 Gold Mining
53:49 Pikeman
54:29 Squires
54:08 Elite Skirmisher
55:22 Ballistics
56:03 Chemistry
55:04 Bodkin Arrow
55:24 Leather Archer Armor
56:27 Forging
56:18 Scale Mail Armor
56:19 Bracer
59:49 Iron Casting
59:30 Chain Mail Armor
61:04 Chain Mail Armor
63:26 Hand Cart
67:09 Plate Mail Armor
70:57 Ring Archer Armor
Your mother like a camel
10:25 Feudal Age
14:31 Castle Age
13:21 Double-Bit Axe
13:18 Horse Collar
23:19 Bow Saw
23:12 Heavy Plow
26:13 Gold Mining
29:23 Imperial Age
27:55 Wheelbarrow
27:05 Loom
27:11 Town Watch
28:56 Gold Shaft Mining
28:53 Padded Archer Armor
28:43 Fletching
29:04 Stone Mining
29:43 Hand Cart
30:15 Leather Archer Armor
30:08 Thumb Ring
31:13 Parthian Tactics
30:09 Heavy Cavalry Archer
31:45 Bodkin Arrow
33:04 Chemistry
32:25 Ballistics
34:26 Bracer
38:44 Conscription
38:25 Nomads
40:46 Husbandry
40:56 Bloodlines
40:07 Light Cavalry
41:05 Scale Barding Armor
41:11 Forging
42:10 Heavy Camel Rider
42:12 Hussar
45:21 Chain Barding Armor
45:37 Iron Casting
50:42 Hoardings
67:50 Capped Ram
68:53 Drill
69:35 Siege Ram
72:07 Blast Furnace
78:55 Spies/Treason
In9Ma
10:20 Feudal Age
11:45 Loom
15:11 Castle Age
13:06 Horse Collar
13:15 Double-Bit Axe
14:00 Horse Collar
17:04 Wheelbarrow
22:32 Gold Mining
23:08 Town Watch
24:08 Bow Saw
25:25 Redemption
28:04 Gold Shaft Mining
28:33 Atonement
32:25 Imperial Age
31:12 Squires
30:57 Arson
31:22 Scale Mail Armor
31:32 Forging
32:21 Chain Mail Armor
31:58 Stone Mining
32:06 Treadmill Crane
33:45 Conscription
34:03 Iron Casting
35:22 Plate Mail Armor
38:17 Scale Barding Armor
38:33 Heavy Plow
39:35 Two-Man Saw
38:56 Pikeman
39:32 Capped Ram
40:11 Halberdier
40:38 Shield Wall
41:42 Chain Barding Armor
41:35 Masonry
41:45 Ballistics
42:26 Chemistry
41:47 Siege Ram
43:46 Hoardings
44:19 Architecture
44:02 Elite Varangian Guard
45:23 Coinage
44:54 Caravan
45:05 Guilds
44:47 Fletching
44:54 Murder Holes
44:42 Onager
45:38 Sappers
52:03 Banking
52:23 Bodkin Arrow
52:34 Siege Engineers
52:40 Fortified Wall
52:21 Guard Tower
52:17 Arrowslits
52:42 Careening
60:59 Bracer
60:59 Padded Archer Armor
71:10 Leather Archer Armor
71:31 Keep
70:41 Arrowslits
71:17 Shipwright
71:02 Siphons
70:48 Heated Shot
71:08 Careening
70:21 Clerical Recruitment
70:21 Elite Hearth Troop
70:23 Heavy Scorpion
70:25 Man-at-Arms
70:51 Gambesons
77:18 Spies/Treason
78:16 Long Swordsman
Connection lost

Rejoining the realm…

Still unreachable

The connection could not be restored.

Session expired

The server has moved on; the page needs a fresh start.